 Dungeon Crawl Stone Soup version 0.25.0-9-g26727b657a (webtiles) character file.

Game seed: 17216367164519931778

116 mortelune the Caller (level 5, -3/39 HPs)
             Began as a Barachi Summoner on June 21, 2020.
             Slain by an orc wizard
             ... wielding a +0 dagger
              (4 damage)
             ... on level 3 of the Dungeon.
             The game lasted 00:09:04 (4546 turns).

mortelune the Caller (Barachi Summoner)             Turns: 4546, Time: 00:09:04

Health: -3/39      AC:  2    Str:  9    XL:     5   Next: 1%
Magic:  4/9        EV: 16    Int: 17    God:
Gold:   140        SH:  0    Dex: 12    Spells: 0/10 levels left

rFire    . . .     SeeInvis .   c - +0 trident
rCold    . . .     Gourm    .   (no shield)
rNeg     . . .     Faith    +   a - +0 robe
rPois    .         Spirit   .   (no helmet)
rElec    .         Reflect  .   (no cloak)
rCorr    .         Harm     .   (no gloves)
MR       .....                  (no boots)
Stlth    +++.......             n - amulet of faith
HPRegen  0.13/turn              Q - ring of stealth
MPRegen  0.11/turn              l - +4 ring of evasion

@: slowed, very slow
A: +LOS, swims, slowness 1, strong legs 1
a: Hop


You were on level 3 of the Dungeon.
You were hungry.

You visited 1 branch of the dungeon, and saw 3 of its levels.

You collected 140 gold pieces.

Inventory:

Hand Weapons
 b - a +0 whip
 c - a +0 trident (weapon)
 m - a +0 mace
Missiles
 g - 11 boomerangs (quivered)
Armour
 a - a +0 robe (worn)
 k - a cursed +0 leather armour
Jewellery
 l - a +4 ring of evasion (right hand)
 n - an amulet of faith (around neck)
 Q - a ring of stealth (left hand)
Scrolls
 e - 5 scrolls of fear
 f - 6 scrolls of remove curse
 h - a scroll of immolation
 j - 3 scrolls of enchant weapon
 o - a scroll of amnesia {unknown}
Potions
 d - a potion of brilliance
Comestibles
 p - 2 rations


   Skills:
 + Level 2.5 Fighting
 - Level 2.1 Dodging
 - Level 1.7 Stealth
 + Level 3.2 Spellcasting
 + Level 6.1 Summonings
 + Level 0.0 Ice Magic


You couldn't memorise any spells.
You knew the following spells:

 Your Spells              Type           Power        Failure   Level  Hunger
a - Summon Small Mammal   Summ           ###.         1%          1    None
b - Call Imp              Summ           ###.....     1%          2    ##.....
c - Call Canine Familiar  Summ           ###.....     4%          3    ###....
d - Summon Ice Beast      Ice/Summ       ##......     43%         4    ####...

Your spell library contained the following spells:

 Spells                   Type           Power        Failure   Level  Hunger
 Summon Guardian Golem    Hex/Summ       ##......     14%         3    ###....
 Summon Lightning Spire   Summ/Air       ##......     43%         4    ####...


Dungeon Overview and Level Annotations

Branches:
Dungeon (3/15)

Altars:

Annotations:
D:2 Sigmund


Innate Abilities, Weirdness & Mutations

You can be seen from farther away. (+LOS)
You can swim through water.
You cover ground slowly.
You can hop short distances.


Message History

The orc wizard hits you with a +0 dagger.
* * * LOW HITPOINT WARNING * * *
You hit the orc priest but do no damage.
The orc priest is severely wounded.
The orc wizard completely misses you. The orc priest closely misses you.
The orc wizard closely misses you.
You hit the orc priest.
The orc priest is almost dead.
The orc priest hits you with a +0 morningstar.
* * * LOW HITPOINT WARNING * * *
The orc wizard barely misses you. The orc priest barely misses you.
The orc wizard misses you.
You closely miss the orc priest.
The orc priest is almost dead.
The orc priest hits you with a +0 morningstar!
* * * LOW HITPOINT WARNING * * *
The orc wizard hits you but does no damage.
The orc priest misses you.
The orc wizard hits you with a +0 dagger.
You die...

### #....#
#.#####'#####
..# ##'###
#.# #.#
..#####.#
#.## ##'###
........#
#..# #....#
..#######
##.###....#
..#
#.#......#
..#
#.#......#
..#
#.oo...###
.## ##@###.#
.# #h.##.# .#
##.##.# .#
#.##.# .#
#..#.# ##
##.#.# #.#.#
#.#.# #.#.#


You could see an orc priest, an orc wizard and a friendly hound (summoned).

Vanquished Creatures
  An ooze (D:1)
  A dart slug (D:3)
  A leopard gecko (D:3)
  An orc (D:3)
  4 giant cockroaches
  6 hobgoblins
  A jackal (D:1)
  3 bats
  A frilled lizard (D:3)
  2 goblins (D:1)
  3 kobolds
  7 rats
31 creatures vanquished.

Vanquished Creatures (collateral kills)
  An orc priest (D:3)
  A jelly (D:3)
  An orc wizard (D:3)
  An adder (D:2)
  A worm (D:3)
  2 orcs (D:3)
  2 giant cockroaches
  2 hobgoblins
  5 jackals (D:1)
  2 bats (D:1)
  3 frilled lizards (D:1)
  A kobold (D:1)
  3 rats (D:1)
25 creatures vanquished.

Grand Total: 56 creatures vanquished

Notes
Turn   | Place    | Note
-------+----------+-------------------------------------------
     0 | D:1      | mortelune the Barachi Summoner began the quest for the Orb.
     0 | D:1      | Reached XP level 1. HP: 13/13 MP: 3/3
   484 | D:1      | Reached skill level 5 in Summonings
   779 | D:1      | Reached XP level 2. HP: 8/20 MP: 1/5
   809 | D:1      | Learned a level 2 spell: Call Imp
  1158 | D:1      | Reached skill level 1 in Fighting
  1795 | D:1      | Reached XP level 3. HP: 22/26 MP: 0/6
  2009 | D:1      | Learned a level 3 spell: Call Canine Familiar
  2083 | D:2      | Noticed Sigmund
  2822 | D:3      | Reached XP level 4. HP: 33/33 MP: 0/8
  3121 | D:3      | Reached skill level 6 in Summonings
  4161 | D:3      | Reached XP level 5. HP: 39/39 MP: 9/9
  4167 | D:3      | Learned a level 4 spell: Summon Ice Beast
  4546 | D:3      | HP: 1/39 [orc priest/+0 morningstar (8)]
  4546 | D:3      | Slain by an orc wizard

Illustrated notes

Levels and vault maps discovered:
D:1:      onia_arrival_mini_spirals, layout_basic
D:2:      layout_loops_cross, chequers_ecumenical_altar_grove, uniq_sigmund
D:3:      layout_basic, serial_glass, glass_columns_a, glass_columns_b,
          minivault_27

Skill      XL: |  1  2  3  4 |
---------------+-------------+-----
Summonings     | 5 6 |  6.1
Fighting       | 1 2 |  2.5
Spellcasting   | 3 |  3.2
Dodging        | |  2.1
Stealth        | |  1.7

Action                   |  1- 3 |  4- 6 || total
-------------------------+-------+-------++-------
Melee: Whip              |    94 |    22 ||   116
       Unarmed           |     5 |       ||     5
       Trident           |       |    42 ||    42
       Mace              |       |    22 ||    22
Throw: Boomerang         |     4 |       ||     4
 Cast: Summon Small Mamm |    14 |       ||    14
       Call Imp          |    17 |     3 ||    20
       Call Canine Famil |     3 |     7 ||    10
  Use: Scroll            |       |     6 ||     6
       Potion            |       |     1 ||     1
 Stab: Sleeping          |       |     4 ||     4
  Eat: Ration            |     1 |     1 ||     2
       Chunk             |     4 |     3 ||     7
Armor: Robe              |    23 |     8 ||    31
Dodge: Dodged            |    85 |    66 ||   151
